Map: [ESL] Data-C

Players

Zoun

  • Race: Protoss Protoss
  • League: Diamond
  • Spawn Location: 3:00

HeroMarine - Winner!

  • Race: Terran Terran
  • Spawn Location: 9:00

Event: TSL 9

VOD

Have the link to the VOD?

Description

Time

  • Played on: Sept. 2, 2022, 11:09 a.m.
  • Length: 6:29

All games in this series

Show
View Real Time Build Order
Export as new Build Order

Zoun Protoss 

Build Orders: 1 Gate Expand, Phoenix Opening 

Get SALT Encoding   

  12  0:00  Probe  
  13  0:12  Probe  
  14  0:17  Pylon  
  14  0:24  Probe (Chrono Boost)  
  15  0:36  Probe (Chrono Boost), Gateway  
  16  0:44  Probe (Chrono Boost)  
  16  0:46  Assimilator  
  17  0:50  Probe  
  18  1:03  Probe  
  19  1:15  Probe  
  20  1:24  Cybernetics Core  
  20  1:35  Nexus  
  20  1:37  Probe  
  21  1:44  Assimilator  
  21  1:49  Pylon  
  21  1:52  Probe  
  22  2:04  Adept (Chrono Boost), Probe  
  25  2:17  Probe  
  25  2:18  Stargate  
  26  2:26  Warp Gate  
  26  2:29  Probe  
  27  2:32  Adept  
  29  2:41  Probe (Chrono Boost)  
  30  2:47  Probe (Chrono Boost)  
  31  2:53  Probe (Chrono Boost)  
  31  2:57  Probe (Chrono Boost)  
  33  2:59  Gateway  
  33  3:01  Phoenix (Chrono Boost)  
  33  3:03  Probe  
  36  3:09  Probe  
  37  3:13  Adept  
  39  3:20  Probe  
  39  3:22  Phoenix (Chrono Boost)  
  42  3:27  Pylon  
  42  3:28  Probe  
  43  3:34  Gateway  
  43  3:36  Probe  
  43  3:40  Probe  
  45  3:45  Phoenix (Chrono Boost)  
  47  3:49  Shield Battery  
  47  3:55  Probe x2  
  49  4:01  Twilight Council  
  47  4:09  Phoenix (Chrono Boost)  
  47  4:11  Probe x2  
  51  4:24  Nexus  
  51  4:27  Pylon  
  51  4:30  Zealot  
  53  4:31  Charge (Chrono Boost)  
  53  4:38  Probe  
  55  4:45  Zealot, Probe  
  55  4:46  Zealot  
  59  4:52  Stalker  
  59  4:54  Shield Battery  
  61  5:03  Phoenix  
  61  5:14  Probe  
  62  5:15  Pylon  
  62  5:22  Assimilator  
  62  5:23  Assimilator  
  62  5:25  Pylon  
  62  5:26  Robotics Facility  
  62  5:28  Pylon  
  62  5:33  Probe  
  62  5:36  Probe  
  62  5:39  Pylon  
  61  5:43  Zealot x3  
  61  5:44  Phoenix  
  61  5:45  Probe  
  61  5:48  Probe  
  71  5:58  Probe, Pylon  
  71  6:00  Probe  
  71  6:04  Zealot  
  67  6:08  Pylon  
Show
View Real Time Build Order
Export as new Build Order

HeroMarine Terran - Winner!

Build Orders:  

Get SALT Encoding   

  12  0:00  SCV  
  13  0:12  SCV  
  14  0:17  Supply Depot  
  14  0:24  SCV  
  15  0:38  SCV  
  15  0:41  Barracks  
  16  0:43  Refinery  
  16  0:50  SCV  
  16  0:53  Refinery  
  17  1:02  SCV  
  18  1:15  SCV  
  19  1:27  Reaper  
  19  1:28  Orbital Command  
  19  1:32  Supply Depot  
  20  1:42  Factory  
  20  1:54  SCV  
  21  2:00  Barracks Reactor  
  21  2:06  SCV  
  22  2:17  Command Center  
  22  2:20  SCV  
  23  2:31  Starport  
  23  2:33  SCV  
  23  2:37  Supply Depot  
  24  2:45  SCV  
  24  2:47  Marine x2  
  24  2:50  Widow Mine  
  29  2:57  SCV  
  30  3:06  Marine x2  
  30  3:09  SCV, Medivac  
  34  3:14  Factory Tech Lab  
  34  3:21  SCV  
  34  3:23  Marine  
  34  3:24  Marine  
  37  3:33  Cyclone, SCV  
  41  3:39  Viking  
  43  3:45  Orbital Command  
  43  3:47  Marine  
  43  3:48  Marine  
  45  3:52  SCV  
  46  4:00  Supply Depot  
  46  4:05  Cyclone  
  46  4:08  Viking  
  51  4:12  Marine x2  
  53  4:17  Supply Depot  
  53  4:20  SCV  
  53  4:21  SCV  
  55  4:30  Marine x2  
  57  4:33  SCV x2  
  57  4:37  Cyclone  
  62  4:41  Viking  
  62  4:42  Supply Depot  
  64  4:46  SCV x2  
  64  4:49  Marine  
  64  4:50  Marine  
  68  4:58  SCV x2  
  70  5:05  Supply Depot  
  70  5:07  Marine  
  70  5:08  Marine  
  70  5:10  SCV x2  
  74  5:16  Cyclone  
  77  5:22  SCV  
  77  5:23  Barracks  
  77  5:26  Viking, Marine x2, SCV  
  77  5:27  Supply Depot  
  83  5:34  SCV  
  84  5:38  SCV  
  82  5:44  Marine x2  
  82  5:46  Engineering Bay, SCV  
  82  5:47  Barracks  
  84  5:51  SCV  
  85  5:57  Refinery  
  85  5:58  SCV, Starport Tech Lab  
  85  6:02  Marine x2  
  85  6:03  SCV  
  81  6:11  SCV  
  74  6:15  SCV, Barracks Tech Lab  
Tags
 
Add a new tag
Caveats
  • Supply blocks, unpowered buildings, or Contaminate may cause inaccurate times.
  • Supply counts are checked every 10 seconds.